 Dungeon Crawl Stone Soup version 0.20.0-15-g7f486f2 (webtiles) character file.

242 Hook the Scholar of Death (level 5, -1/35 HPs)
             Began as a Mummy Necromancer on June 21, 2017.
             Was a Follower of Kikubaaqudgha.
             Slain by a slave (5 damage)
             ... led by Pikel
             ... on level 3 of the Dungeon.
             The game lasted 00:17:25 (4021 turns).

Hook the Scholar of Death (Mummy Necromancer)       Turns: 4021, Time: 00:17:26

Health: -1/35      AC:  6    Str: 11    XL:     5   Next: 82%
Magic:  12/12      EV: 12    Int: 15    God:    Kikubaaqudgha [*.....]
Gold:   175        SH:  0    Dex: 13    Spells: 5/14 levels left

rFire    x . .     SeeInvis .   (no weapon)
rCold    + . .     Gourm    .   (no shield)
rNeg     + + +     Faith    .   a - +0 robe
rPois    ∞         Spirit   .   h - +1 helmet
rElec    .         Reflect  .   (no cloak)
rCorr    .         Harm     .   j - +0 pair of gloves
MR       .....                  i - +0 pair of boots
Stlth    ++........             (no amulet)
Regen    0.2/turn               (no ring)
MPRegen  0.2/turn               (no ring)

@: no status effects
A: no food or potions, fire vulnerability, cold resistance 1, negative energy
resistance 3, torment resistance, unbreathing
a: Receive Corpses, Renounce Religion


You were on level 3 of the Dungeon.
You worshipped Kikubaaqudgha.
Kikubaaqudgha was aware of your devotion.
You were not hungry.

You visited 1 branch of the dungeon, and saw 4 of its levels.

You collected 175 gold pieces.

Inventory:

Missiles
 k - 5 tomahawks (quivered)
Armour
 a - a +0 robe (worn)
 h - a +1 helmet (worn)
 i - a +0 pair of boots (worn)
 j - a +0 pair of gloves (worn)
Scrolls
 c - 2 scrolls of teleportation {unknown}
 d - a scroll of identify
 e - a scroll of enchant armour {unknown}
 f - a scroll of recharging {unknown}
 g - a scroll of noise {unknown}
 m - a scroll of remove curse {unknown}
Books
 b - a book of Necromancy

   Spells                             Type                      Level
   a - Pain                           Necromancy                   1
   b - Animate Skeleton               Necromancy                   1
   c - Vampiric Draining              Necromancy                   3
   d - Regeneration                   Charms/Necromancy            3
   e - Animate Dead                   Necromancy                   4
   f - Control Undead                 Necromancy                   4
 l - Kikubaaqudgha's Collected Works on Sinister Rituals
   (Kikubaaqudgha gifted it to you on level 3 of the Dungeon)

   Spells                             Type                      Level
   a - Animate Skeleton               Necromancy                   1
   b - Pain                           Necromancy                   1
   c - Corpse Rot                     Necromancy                   2
   d - Vampiric Draining              Necromancy                   3
   e - Control Undead                 Necromancy                   4


   Skills:
 + Level 0.2 Fighting
 * Level 2.0 Dodging
 + Level 1.7 Stealth
 + Level 0.7 Unarmed Combat
 * Level 5.2 Spellcasting
 * Level 5.5 Necromancy


You had 5 spell levels left.
You knew the following spells:

 Your Spells              Type           Power        Failure   Level  Hunger
a - Pain                  Necr           ###.         1%          1    N/A
b - Animate Skeleton      Necr           N/A          1%          1    N/A
c - Vampiric Draining     Necr           ###.......   4%          3    N/A
d - Animate Dead          Necr           N/A          16%         4    N/A

Dungeon Overview and Level Annotations

Branches:
Dungeon (4/15)
 Temple: D:4-7

Altars:
Kikubaaqudgha
Qazlal

Annotations:
D:2 1 runed door
D:3 Pikel


Innate Abilities, Weirdness & Mutations

You do not eat or drink.
Your flesh is vulnerable to fire.
You are immune to poison.
Your flesh is cold resistant. (rC+)
You are immune to negative energy. (rN+++)
You are immune to unholy pain and torment.
You can survive without breathing.


Message History

Level annotation: Pikel The jackal bites you but does no damage.
Pikel completely misses you.
The jackal bites you but does no damage.
The slave hits you! Pikel hits you with a whip of flaming. Pikel burns you.
A jackal comes into view.
There is a stone staircase leading up here.
The jackal moves out of view.
The jackal closely misses you. Pikel hits you with a whip of flaming!
* * * LOW HITPOINT WARNING * * *
Pikel burns you.
* * * LOW HITPOINT WARNING * * *
The slave hits you but does no damage. The jackal barely misses you.
You climb upwards.
Your dart slug zombie bites Pikel but does no damage.
There is a stone staircase leading down here.
You swap places.
The jackal closely misses you. Pikel closely misses you. The slave hits you.
You die...
Kikubaaqudgha rasps: "You have failed me!
Welcome... oblivion!"

###### #ZZh.# ########
########### #K@..###.....(#
#.........#####.Zp.#........#
#.........##......##........#
........(Z##.#######Z%..#.###
.........Z...#.....#..###.#
......!...............# #^#
#[...........(........# #.#
#.................%...# #.#
#.....................# #.#


You could see Pikel, a slave, a jackal, a friendly ogre zombie, a friendly
two-headed ogre zombie and a friendly dart slug zombie.

Vanquished Creatures
  An orc wizard (D:2)
  11 adders
  5 worms
  4 dart slugs
  3 leopard geckos
  11 orcs
  4 bats
  2 bat zombies (D:2)
  2 giant cockroaches
  7 goblins
  10 hobgoblins
  3 jackals (D:2)
  7 kobolds
  2 quokkas (D:3)
  5 rats
  A rat zombie (D:2)
78 creatures vanquished.

Vanquished Creatures (collateral kills)
  A slave (D:3)
  An adder (D:2)
  3 bats (D:3)
  2 goblins
  A kobold (D:2)
  A frilled lizard (D:1)
9 creatures vanquished.

Grand Total: 87 creatures vanquished

Notes
Turn   | Place    | Note
-------+----------+-------------------------------------------
     0 | D:1      | Hook the Mummy Necromancer began the quest for the Orb.
     0 | D:1      | Reached XP level 1. HP: 13/13 MP: 4/4
   227 | D:1      | Learned a level 1 spell: Animate Skeleton
   506 | D:1      | Reached XP level 2. HP: 19/19 MP: 1/6
  1149 | D:2      | Reached XP level 3. HP: 16/24 MP: 0/8
  1251 | D:2      | Learned a level 3 spell: Vampiric Draining
  1542 | D:2      | Reached XP level 4. HP: 29/30 MP: 1/9
  1556 | D:2      | Found a stormy altar of Qazlal.
  1674 | D:2      | Found a runed door.
  2031 | D:2      | Found an ancient bone altar of Kikubaaqudgha.
  2039 | D:2      | Became a worshipper of Kikubaaqudgha
  2528 | D:2      | Reached skill level 5 in Necromancy
  2792 | D:3      | Reached XP level 5. HP: 35/35 MP: 5/11
  2978 | D:3      | Learned a level 4 spell: Animate Dead
  3264 | D:3      | Reached * piety under Kikubaaqudgha
  3264 | D:3      | Identified Kikubaaqudgha's Collected Works on Sinister Rituals (Kikubaaqudgha gifted it to you on level 3 of the Dungeon)
  3264 | D:3      | Received a gift from Kikubaaqudgha
  3266 | D:3      | Reached skill level 5 in Spellcasting
  4000 | D:4      | Noticed Pikel
  4000 | D:4      | Noticed a slave
  4002 | D:4      | Noticed a slave
  4002 | D:4      | Noticed a slave
  4012 | D:3      | Killed a slave
  4020 | D:4      | Noticed a slave
  4021 | D:3      | Slain by a slave

Skill      XL: |  1  2  3  4  5 |
---------------+----------------+-----
Spellcasting   | 3 4 5 |  5.2
Necromancy     | 5 |  5.5
Dodging        | 2 |  2.0
Fighting       | |  0.2
Stealth        | |  1.7
Unarmed Combat | |  0.7

Action                   |  1- 3 |  4- 6 || total
-------------------------+-------+-------++-------
Melee: Unarmed           |    45 |    82 ||   127
       Punch             |       |     1 ||     1
 Cast: Pain              |    69 |    88 ||   157
       Animate Skeleton  |    13 |    19 ||    32
       Vampiric Draining |     1 |     4 ||     5
       Animate Dead      |       |     5 ||     5
Invok: Receive Corpses   |       |     2 ||     2
  Use: Scroll            |     1 |       ||     1
 Stab: Sleeping          |     1 |     1 ||     2
Armor: Robe              |    14 |    43 ||    57
Dodge: Dodged            |    45 |    86 ||   131
